 Dungeon Crawl Stone Soup version 0.28.0 (webtiles) character file.

Game seed: 6441735310311503421

276 HallandMoats the Skirmisher (level 6, 0/33 HPs)
             Began as a Vine Stalker Fighter on Feb 7, 2022.
             Slain by a gnoll (7 damage)
             ... on level 4 of the Dungeon.
             The game lasted 00:03:47 (2701 turns).

HallandMoats the Skirmisher (Vine Stalker Fighter)  Turns: 2701, Time: 00:03:48

Health: 0/33       AC:  9    Str: 18    XL:     6   Next: 25%
Magic:  0/8        EV:  9    Int:  8    God:
Gold:   88         SH:  5    Dex: 16    Spells: 5/5 levels left

rFire   . . .      SeeInvis .   a - +1 hand axe (freeze)
rCold   . . .      Faith    .   c - +0 buckler
rNeg    . . .      Spirit   +   b - +0 scale mail
rPois   .          Reflect  .   j - +0 helmet
rElec   .          Harm     .   (no cloak)
rCorr   .          Rampage  .   (no gloves)
Will    .....                   p - +0 pair of boots
Stlth   ..........              (no amulet)
HPRegen 0.91/turn               (no ring)
MPRegen 0.11/turn               (no ring)

@: no status effects
A: fangs 2, regeneration 1, magic shield, antimagic bite, no potion heal 2
a: no special abilities


You were on level 4 of the Dungeon.
You visited 1 branch of the dungeon, and saw 4 of its levels.

You collected 88 gold pieces.

Inventory:

Hand Weapons
 a - a +1 hand axe of freezing (weapon)
Missiles
 r - a throwing net (quivered)
Armour
 b - a +0 scale mail (worn)
 c - a +0 buckler (worn)
 j - a +0 helmet (worn)
 p - a +0 pair of boots (worn)
Jewellery
 l - a ring of ice
Wands
 m - a wand of iceblast (2)
Scrolls
 e - a scroll of amnesia {unknown}
 g - a scroll of fear {unknown}
 i - a scroll of magic mapping {unknown}
 k - a scroll of identify {unknown}
 n - a scroll of blinking {unknown}
 o - a scroll of vulnerability {unknown}
 q - 2 scrolls of torment {unknown}
 s - a scroll of immolation {unknown}
Potions
 d - a potion of might
 f - 2 potions of curing {unknown}
 h - a potion of haste {unknown}


   Skills:
 * Level 4.1 Fighting
 + Level 2.6 Axes
 + Level 3.0 Armour
 + Level 1.4 Dodging
 + Level 3.4 Shields
 + Level 1.8 Invocations


You had 5 spell levels left.
You didn't know any spells.
Your spell library was empty.

Dungeon Overview and Level Annotations

Branches:
Dungeon (4/15)
 Temple: D:4-7

Altars:
Kikubaaqudgha

Annotations:
D:3 1 runed translucent door, SnakkuSnakku7's ghost, novice MfFE


Innate Abilities, Weirdness & Mutations

You have extremely sharp teeth.
Your natural rate of healing is unusually fast.
When hurt, damage is shared between your health and your magic reserves.
Your bite disrupts and absorbs the magic of your enemies.
Potions cannot restore your health.


Message History

The necrophage is almost destroyed.
The necrophage hits you.
You feel drained.
You hit the necrophage. Your bite misses the necrophage.
The necrophage is almost destroyed.
You block the necrophage's attack.
You hit the necrophage. You bite the necrophage.
You destroy the necrophage!
Your life force feels restored.
Your Fighting skill increases to level 4!
Your Armour skill increases to level 3!
You have reached level 6!
You start resting.
HP restored.
You climb downwards.
There is a stone staircase leading up, spattered with blood here.
You block the gnoll's attack.
You hit the gnoll but do no damage. Your bite misses the gnoll.
The gnoll closely misses you. x2
You slash the gnoll! You freeze the gnoll.
The gnoll is almost dead.
The gnoll hits you with a +0 halberd! The gnoll closely misses you.
The gnoll hits you with a +0 halberd!
You hit the gnoll. You freeze the gnoll.
You kill the gnoll!
The gnoll hits you from afar with a +0 halberd.
You swing at nothing.
The gnoll hits you from afar with a +0 halberd.
The gnoll closely misses you. The gnoll barely misses you.
You barely miss the gnoll. Your bite misses the gnoll.
The gnoll hits you with a +0 halberd.
You hit the gnoll. You freeze the gnoll.
The gnoll is heavily wounded.
The gnoll hits you with a +0 halberd!
You hit the gnoll. You freeze the gnoll. Your bite misses the gnoll.
The gnoll is almost dead.
The gnoll hits you with a +0 halberd.
* * * LOW HITPOINT WARNING * * *
The gnoll hits you with a +0 halberd!
You die...

#############
##.....#.....##
##<............##
#.....g.........#
#.(..@..........#
#...............#
#.....)....?....#
#............:....
##.............####
##............#
########...#.# #..
#.


You could see a gnoll.

Vanquished Creatures
  A necrophage (D:3)
  Terence (D:2)
  An orc wizard (D:3)
  A hound skeleton (D:4)
  2 gnolls
  2 adders
  2 worms (D:2)
  2 dart slugs
  4 orcs (D:3)
  13 ball pythons
  5 endoplasms
  4 giant cockroaches
  9 goblins
  5 hobgoblins
  4 jackals (D:1)
  4 quokkas
  2 bats
  4 frilled lizards
  7 kobolds
  3 rats
76 creatures vanquished.

Vanquished Creatures (others)
  2 withered plants (D:3)
2 creatures vanquished.

Grand Total: 78 creatures vanquished

Notes
Turn   | Place    | Note
-------+----------+-------------------------------------------
     0 | D:1      | HallandMoats the Vine Stalker Fighter began the quest for
                  | the Orb.
     0 | D:1      | Reached XP level 1. HP: 11/11 MP: 2/2
   280 | D:1      | Reached XP level 2. HP: 16/16 MP: 3/3
   507 | D:1      | Reached skill level 3 in Fighting
   660 | D:1      | Reached XP level 3. HP: 19/20 MP: 4/4
  1625 | D:2      | Gained mutation: Your natural rate of healing is unusually
                  | fast. [Vine Stalker growth]
  1625 | D:2      | Reached XP level 4. HP: 21/24 MP: 5/5
  1634 | D:2      | Noticed Terence
  1689 | D:2      | Killed Terence
  1690 | D:2      | Reached skill level 1 in Invocations
  1732 | D:2      | Reached skill level 1 in Dodging
  2008 | D:3      | Reached XP level 5. HP: 28/28 MP: 4/6
  2254 | D:3      | Found an ancient bone altar of Kikubaaqudgha.
  2432 | D:3      | Found a runed translucent door.
  2432 | D:3      | Noticed SnakkuSnakku7's ghost (novice MfFE)
  2642 | D:4      | Noticed a necrophage
  2684 | D:3      | Killed a necrophage
  2685 | D:3      | Reached skill level 4 in Fighting
  2685 | D:3      | Reached XP level 6. HP: 29/33 MP: 6/8
  2701 | D:4      | Slain by a gnoll

Illustrated notes

Levels and vault maps discovered:
D:1:      sevenhm_arrival_forest_fort_small_6, layout_basic
D:2:      layout_basic, uniq_terence
D:3:      layout_rooms, mainiacjoe_overflow_boulevard, gammafunk_ghost_grave
D:4:      layout_rooms

Skill      XL: |  1  2  3  4  5 |
---------------+----------------+-----
Fighting       | 3 4 |  4.1
Axes           | 2 |  2.6
Shields        | 3 |  3.4
Invocations    | 1 |  1.8
Dodging        | 1 |  1.4
Armour         | 3 |  3.0

Action                   |  1- 3 |  4- 6 || total
-------------------------+-------+-------++-------
Melee: War axe           |    99 |     9 ||   108
       Bite              |    23 |    29 ||    52
       Hand axe          |       |    92 ||    92
Armor: Scale mail        |    43 |    28 ||    71
Dodge: Dodged            |    48 |    43 ||    91
Block: Buckler           |    21 |    21 ||    42
